AoeStats
← dartzepyon

Arabia

509738124Analyzed
1v1 RM · 3d ago on Sep 27, 2026· 64m 34s· 2 players
Game mode
Random Map
Map size
Tiny (2 player)
Population
200
Speed
Normal
Resources
Standard
Victory
Conquest
Starting age
Dark Age
Ending age
Imperial Age
RankedLock teamsTeams togetherTeam positionsShared explorationLock speedFull tech treeHidden civsTurbo modeCheats
Victory
Defeat
🇵🇪 Goths · Peru
623
+18
🇵🇪 Burgundians · Peru
669
-18
dartzepyon
7:09 Loom
11:14 Feudal Age
11:57 Double-Bit Axe
12:51 Wheelbarrow
15:43 Town Watch
24:37 Castle Age
22:33 Man-at-Arms
23:24 Fletching
23:36 Scale Mail Armor
23:26 Horse Collar
25:30 Forging
25:26 Scale Barding Armor
26:01 Gold Mining
26:57 Bodkin Arrow
27:19 Chain Mail Armor
26:39 Long Swordsman
28:22 Squires
29:20 Heavy Plow
31:35 Town Patrol
33:36 Sanctity
33:27 Fervor
36:08 Imperial Age
34:43 Ballistics
33:58 Light Cavalry
34:49 Bloodlines
36:29 Bloodlines
38:32 Chemistry
39:04 Pikeman
43:18 Iron Casting
42:44 Bracer
43:38 Conscription
43:15 Halberdier
47:12 Blast Furnace
47:14 Hand Cart
47:10 Perfusion
47:49 Husbandry
51:01 Crop Rotation
53:09 Elite Huskarl
63:08 Padded Archer Armor
65:22 Bow Saw
richardbiolo
1:20 Wheelbarrow
10:46 Double-Bit Axe
12:07 Horse Collar
15:00 Feudal Age
16:41 Hand Cart
16:42 Bow Saw
21:42 Castle Age
22:00 Gold Mining
25:06 Gold Shaft Mining
28:10 Stone Mining
29:38 Two-Man Saw
29:41 Fletching
31:02 Loom
34:58 Imperial Age
34:18 Stone Shaft Mining
34:23 Heavy Plow
34:37 Bodkin Arrow
35:11 Elite Skirmisher
37:45 Chemistry
37:16 Murder Holes
37:44 Ballistics
39:05 Conscription
39:26 Bracer
39:37 Forging
39:34 Scale Barding Armor
39:55 Scale Mail Armor
49:24 Fortified Wall
51:11 Husbandry
50:42 Light Cavalry
51:40 Hussar
Connection lost

Rejoining the realm…

Still unreachable

The connection could not be restored.

Session expired

The server has moved on; the page needs a fresh start.